 Dungeon Crawl Stone Soup version 0.29-a0-416-g83a48905f1 (webtiles) character file.

Game seed: 13472167091701395447

2744 SkeletonJelly the Cleaver (level 9, 0/85 HPs)
             Began as a Minotaur Fighter on May 17, 2022.
             Was an Initiate of Okawaru.
             Killed from afar by an acid dragon (10 damage)
             ... with a splash of acid
             ... on level 9 of the Dungeon.
             The game lasted 00:18:01 (8896 turns).

SkeletonJelly the Cleaver (Minotaur Fighter)        Turns: 8896, Time: 00:18:02

Health: 0/85       AC:  2    Str: 26    XL:     9   Next: 41%
Magic:  10/10      EV: 10    Int:  8    God:    Okawaru [......]
Gold:   440        SH:  5    Dex: 14    Spells: 8/8 levels left

rFire   + . .      SeeInvis .   L - +4 war axe "Nuytoh" {drain, Int+3}
rCold   + + .      Faith    .   c - +0 buckler
rNeg    . . .      Spirit   .   I - +5 ring mail of Ciomoggu {+Blink rPois rC+ Dex+5}
rPois   +          Reflect  .   (helmet restricted)
rElec   +          Harm     .   (no cloak)
rCorr   +          Rampage  .   (no gloves)
Will    .....                   (no boots)
Stlth   +.........              (no amulet)
HPRegen 0.24/turn               O - +4 ring of slaying
MPRegen 0.12/turn               n - ring of poison resistance

@: resistant, marked, corroded, invisible
A: horns 2, retaliatory headbutt
a: Renounce Religion, Evoke Blink


You were on level 9 of the Dungeon.
You worshipped Okawaru.
Okawaru was noncommittal.
You visited 2 branches of the dungeon, and saw 10 of its levels.

You collected 440 gold pieces.

Inventory:

Hand Weapons
 a - a +0 spectral war axe
 s - a +0 flail of pain
 y - a +1 mace of protection
 L - the +4 war axe "Nuytoh" (weapon) {drain, Int+3}
   (You found it on level 7 of the Dungeon)

   A truly terrible weapon, it drains the life of any living foe it strikes.
   Int:       It affects your intelligence (+3).
 N - a +5 antimagic spear
Missiles
 l - 11 poisoned darts (quivered)
 K - a throwing net
Armour
 b - a +0 scale mail
 c - a +0 buckler (worn)
 v - a +2 ring mail of willpower
 I - the +5 ring mail of Ciomoggu (worn) {+Blink rPois rC+ Dex+5}
   (You found it on level 6 of the Dungeon)

   Dex:       It affects your dexterity (+5).
   rC:        It protects you from cold.
   rPois:     It protects you from poison.
   +Blink:    It lets you blink.
Jewellery
 g - a ring of magical power
 n - a ring of poison resistance (right hand)
 p - a ring of ice
 A - a +4 ring of evasion
 O - a +4 ring of slaying (left hand)
Wands
 d - a wand of digging (12)
 u - a wand of polymorph (1)
 w - a wand of paralysis (13)
 F - a wand of charming (5)
 G - a wand of acid (9)
 J - a wand of iceblast (9)
Scrolls
 f - 3 scrolls of teleportation
 h - 4 scrolls of amnesia
 i - a scroll of immolation
 j - 2 scrolls of identify
 k - a scroll of magic mapping
 o - a scroll of noise {unknown}
 z - 2 scrolls of fog
 B - a scroll of torment
 C - 2 scrolls of brand weapon
 E - a scroll of enchant weapon
 M - a scroll of silence
Potions
 e - 3 potions of invisibility
 m - 2 potions of flight
 q - 3 potions of ambrosia
 r - 2 potions of magic
 t - 3 potions of curing
 D - a potion of resistance


   Skills:
 + Level 9.9 Fighting
 - Level 12.0 Axes
 - Level 3.6 Armour
 - Level 3.6 Shields
 + Level 3.1 Invocations


You had 8 spell levels left.
You didn't know any spells.
Your spell library contained the following spells:

 Spells                   Type           Power      Damage    Failure   Level
 Foxfire                  Conj/Fire      0%         2x1d4     63%         1
 Pain                     Necr           0%         1d4       63%         1
 Shock                    Conj/Air       0%         1d3       63%         1
 Sublimation of Blood     Necr           0%         N/A       77%         2
 Conjure Flame            Conj/Fire      0%         6-21      94%         3
 Inner Flame              Hex/Fire       0%         N/A       94%         3
 Ozocubu's Armour         Ice            0%         N/A       94%         3
 Swiftness                Air            0%         N/A       94%         3
 Vampiric Draining        Necr           0%         2d6       94%         3
 Airstrike                Air            0%         N/A       100%        4
 Flame Wave               Conj/Fire      0%         2d4       100%        4
 Petrify                  Tmut/Erth      0%         N/A       100%        4
 Freezing Cloud           Conj/Ice/Air   0%         6-21      100%        5
 Irradiate                Conj/Tmut      0%         3d13      100%        5
 Metabolic Englaciation   Hex/Ice        0%         N/A       100%        5
 Ozocubu's Refrigeration  Ice            0%         4d5       100%        7
 Animate Skeleton         Necr           Unusable   N/A       N/A         1
 Summon Small Mammal      Summ           Unusable   N/A       N/A         1
 Call Canine Familiar     Summ           Unusable   N/A       N/A         3
 Summon Guardian Golem    Hex/Summ       Unusable   N/A       N/A         3
 Simulacrum               Ice/Necr       Unusable   N/A       N/A         6

Dungeon Overview and Level Annotations

Branches:
Dungeon (9/15)             Temple (1/1) D:5            Lair (0/6) D:8
    Orc: D:9-12

Altars:
Ashenzari
Cheibriados
Dithmenos
Elyvilon
Fedhas
Gozag
Hepliaklqana
Kikubaaqudgha
Nemelex Xobeh
Okawaru
Qazlal
Ru
Sif Muna
Trog
Uskayaw
Vehumet
Wu Jian
Xom
Yredelemnul
Zin
The Shining One

Shops:
D:4 ?   D:5 [***[*[   D:7 (

Annotations:
D:5 3 runed translucent doors, kairosrom117's ghost, novice DrFE
D:9 Holdthepickle's ghost, novice MiBe


Innate Abilities, Weirdness & Mutations

You have a pair of horns on your head.
You reflexively headbutt those who attack you in melee.


Message History

a +0 falchion; a +0 ring mail; an orc corpse You hit the orc warrior.
You headbutt the orc warrior, but do no damage.
The orc warrior is moderately wounded.
The orc warrior hits you with a +0 trident!
The acid dragon spits acid at you. The splash of acid hits you!!
You take 27 damage, and have 58/85 hp.
MASSIVE DAMAGE!!
You slash the orc warrior!
The orc warrior is heavily wounded.
The orc warrior hits you with a +0 trident!
A centaur comes into view.
You take 11 damage, and have 47/85 hp.
You hit the orc warrior but do no damage.
You drain the orc warrior.
The orc warrior is severely wounded.
The centaur wields a +0 shortbow.
The centaur shoots an arrow.
The arrow hits you.
You slash the orc warrior!
You kill the orc warrior!
Okawaru accepts your kill.
You barely miss the orc.
The centaur shoots an arrow.
The arrow hits you but does no damage.
Your Invocations skill increases to level 3!
You take 2 damage, and have 45/85 hp.
You slash the orc!
You kill the orc!
Okawaru accepts your kill.
You barely miss the orc. The orc closely misses you.
The centaur shoots an arrow.
The arrow hits you!
You take 8 damage, and have 37/85 hp.
You are too injured to fight recklessly!
You are too injured to fight recklessly!
You are too injured to fight recklessly!
The centaur shoots an arrow.
The arrow hits you. The orc misses you. You furiously retaliate!
You headbutt the orc!
You kill the orc!
Okawaru accepts your kill.
You see here 17 gold pieces.
You take 2 damage, and have 35/85 hp.
The centaur shoots an arrow.
You block the arrow. The acid dragon spits acid at you.
The splash of acid hits you!
The centaur shoots an arrow.
The arrow closely misses you.
You take 8 damage, and have 27/85 hp.
The centaur shoots an arrow.
The arrow closely misses you.
The centaur shoots an arrow.
The arrow closely misses you.
The centaur shoots an arrow.
The arrow misses you.
Okay, then.
Okay, then.
Okay, then.
You fade into invisibility!
The centaur shoots an arrow.
The arrow closely misses you.
The centaur shoots an arrow.
The arrow hits you.
* * * LOW HITPOINT WARNING * * *
You take 3 damage, and have 24/85 hp.
The centaur shoots an arrow.
The arrow barely misses you.
The air fills with toxic fumes!
As you read the scroll of poison, it crumbles to dust.
The acid dragon spits acid at you. The splash of acid hits you!
* * * LOW HITPOINT WARNING * * *
The acid corrodes you!
The centaur shoots an arrow.
You block the arrow.
You take 17 damage, and have 7/85 hp.
You feel much better.
The centaur shoots an arrow.
The arrow hits you.
* * * LOW HITPOINT WARNING * * *
The acid dragon spits acid at you. The splash of acid hits you!
* * * LOW HITPOINT WARNING * * *
The acid corrodes you!
A centaur warrior comes into view.
You regained 3 hp, and now have 10/85 hp.
Okay, then.
Unknown command.
You feel protected.
The centaur shoots an arrow.
The arrow hits you.
* * * LOW HITPOINT WARNING * * *
The centaur warrior is engulfed in poison gas.
The centaur warrior is poisoned.
The centaur warrior wields a +0 longbow.
The centaur warrior shoots an arrow.
The arrow misses you. You block the acid dragon's attack.
The acid dragon closely misses you.
You take 3 damage, and have 7/85 hp.
You feel much better.
The centaur warrior looks even sicker.
The centaur warrior shoots an arrow.
You block the arrow.
The centaur is engulfed in poison gas.
The centaur is poisoned.
The acid dragon closely misses you. The acid dragon completely misses you.
The centaur warrior is engulfed in poison gas.
The centaur warrior looks even sicker.
You regained 33 hp, and now have 40/85 hp.
You hit the acid dragon.
The acid dragon is moderately wounded.
The centaur looks even sicker.
The centaur shoots an arrow.
The arrow hits you.
The centaur warrior is engulfed in poison gas.
The centaur warrior looks as sick as possible!
The centaur warrior shoots an arrow.
The arrow hits you!!
* * * LOW HITPOINT WARNING * * *
The acid dragon spits acid at you. The splash of acid hits you! You resist.
You die...

... ..#.#...#
....#§.§#§§§#
...#§§#§.§c#
#..§§#§§§§# ..
...#§§§c§#
##..#§#§§§§§#####.#
....§§§§§§§§§.....#
#§§§D§# #...))..#@#
#.....#####§#
...$.. #§# ....#
#§######### ####
#§§.......#
#########.########
#.........
##########


You could see a centaur warrior (can't see you, extremely poisoned), an acid
dragon (can't see you, catching breath) and a centaur (can't see you, very
poisoned).

Vanquished Creatures
  Grinder (D:6)
  A wyvern (D:8)
  A water moccasin (D:8)
  An orc warrior (D:9)
  An ice beast (D:6)
  A sky beast (D:7)
  An ogre (D:5)
  4 phantoms
  A gnoll sergeant (D:7)
  A necrophage (D:7)
  3 bullfrogs
  7 scorpions
  2 howler monkeys
  A gnoll shaman (D:6)
  2 hounds
  6 jellies
  2 orc wizards
  4 iguanas
  Natasha (thrice) (D:3)
  9 gnolls
  7 adders
  2 white imps
  2 ufetubi
  4 worms (D:2)
  2 dart slugs (D:1)
  28 orcs
  8 bats
  5 endoplasms
  3 giant cockroaches
  6 goblins
  10 hobgoblins
  6 jackals
  5 kobolds
  5 quokkas
  12 ball pythons
  2 frilled lizards
  6 rats
165 creatures vanquished.

Notes
Turn   | Place    | Note
-------+----------+-------------------------------------------
     0 | D:1      | SkeletonJelly the Minotaur Fighter began the quest for the
                  | Orb.
     0 | D:1      | Reached XP level 1. HP: 19/19 MP: 0/0
   323 | D:1      | Reached skill level 3 in Axes
   332 | D:1      | You fall into a shaft and drop 1 floor!
   357 | D:2      | Reached XP level 2. HP: 25/27 MP: 1/1
   617 | D:1      | Reached XP level 3. HP: 33/33 MP: 2/2
   868 | D:1      | Reached skill level 4 in Axes
  1482 | D:2      | Reached XP level 4. HP: 41/41 MP: 3/3
  1753 | D:2      | Found a faded altar of an unknown god.
  2113 | D:3      | Reached skill level 5 in Axes
  2395 | D:3      | Noticed Natasha
  2438 | D:3      | Killed Natasha
  2439 | D:3      | Reached XP level 5. HP: 47/47 MP: 4/4
  2478 | D:3      | Noticed Natasha
  2490 | D:3      | Killed Natasha
  2491 | D:3      | Reached skill level 5 in Fighting
  2852 | D:3      | Noticed Natasha
  2858 | D:3      | Killed Natasha
  2859 | D:3      | Reached skill level 6 in Axes
  3368 | D:4      | Reached XP level 6. HP: 55/56 MP: 5/5
  3439 | D:4      | Found Wyofor's Magic Scroll Shop.
  3466 | D:4      | Reached skill level 7 in Axes
  3477 | D:4      | Reached XP level 7. HP: 60/63 MP: 6/6
  3699 | D:4      | Found a shimmering blue altar of Sif Muna.
  3954 | D:5      | Entered Level 5 of the Dungeon
  3989 | D:5      | Found a staircase to the Ecumenical Temple.
  4043 | Temple   | Entered the Ecumenical Temple
  4255 | D:5      | Reached skill level 8 in Axes
  4367 | D:5      | Found Gozag's Platinum Reserve.
  4696 | D:5      | Found an opulent altar of Gozag.
  4731 | D:5      | Found Ykuucriqess's Antique Armour Boutique.
  4732 | D:5      | Found Binit's Armour Shoppe.
  4732 | D:5      | Found Fivorimim's General Store.
  4733 | D:5      | Found Akhlaat's Assorted Antiques.
  4733 | D:5      | Found Qaaq's General Store.
  4759 | D:5      | Reached skill level 9 in Axes
  4940 | D:5      | Found Dimuf's Armour Boutique.
  4947 | D:5      | Reached XP level 8. HP: 60/73 MP: 7/7
  5006 | D:5      | Found a snail-covered altar of Cheibriados.
  5282 | D:5      | Found a runed translucent gate.
  5282 | D:5      | Found a runed translucent gate.
  5282 | D:5      | Found a runed translucent gate.
  5283 | D:5      | Noticed kairosrom117's ghost (novice DrFE)
  5802 | D:6      | Got Sif Muna's Guide on Ice
  5826 | D:6      | Reached skill level 10 in Axes
  6020 | D:6      | Found a glowing golden altar of the Shining One.
  6057 | D:6      | Identified the +5 ring mail of Ciomoggu {+Blink rPois rC+
                  | Dex+5}
  6590 | D:6      | Noticed Grinder
  6595 | D:6      | Paralysed by Grinder for 3 turns
  6602 | D:6      | Paralysed by Grinder for 3 turns
  6617 | D:6      | Killed Grinder
  6618 | D:6      | Reached skill level 11 in Axes
  7020 | D:7      | Reached XP level 9. HP: 74/82 MP: 8/8
  7176 | D:7      | Found an iron altar of Okawaru.
  7185 | D:7      | Identified the +4 war axe "Nuytoh" {drain, Int+3}
  7190 | D:7      | Became a worshipper of Warmaster Okawaru
  7256 | D:7      | Found Rarr's Weapon Boutique.
  7459 | D:7      | Found an ornate altar of the Wu Jian Council.
  7513 | D:7      | Found a stormy altar of Qazlal.
  7621 | D:7      | Reached skill level 12 in Axes
  7621 | D:7      | Reached skill level 1 in Invocations
  7951 | D:8      | Found a staircase to the Lair.
  8675 | D:8      | Found an ancient bone altar of Kikubaaqudgha.
  8770 | D:9      | Noticed Holdthepickle's ghost (novice MiBe)
  8771 | D:9      | Noticed a boulder beetle
  8781 | D:9      | Found a shimmering altar of Xom.
  8893 | D:9      | Noticed a centaur warrior
  8896 | D:9      | Killed from afar by an acid dragon

Illustrated notes

Levels and vault maps discovered:
D:1:      sevenhm_arrival_forest_fort_small_3, layout_basic
D:2:      layout_loops_ring, chequers_ecumenical_altar_twisty, minmay_cut_off
D:3:      layout_basic, kennysheep_minor_cross, minmay_door_square,
          chequers_serial_rivers_room_b, uniq_natasha
D:4:      layout_basic, lemuel_blue_sif_altar, serial_shops, shop
D:5:      layout_loops_ring, nicolae_gozag_zags_fifth_avenue,
          mainiacjoe_overflow_tiny_flanked, minmay_temple_entry_nine_rooms,
          serial_shops, nicolae_shop_stone, ebering_ghost_rock_garden,
          nicolae_wooded_promenade, minmay_misc_feat_hallway
D:6:      layout_cave_pools, mainiacjoe_overflow_small_starburst, uniq_grinder
D:7:      layout_loops_ring, lemuel_coloured_pillars_altar,
          nicolae_qazlal_eye_of_the_storm, pdpol_wu_jian_five_deadly_venoms,
          serial_shops, kennysheep_mini_moat
D:8:      layout_loops_ring, kennysheep_mini, lair_entry_dummy
D:9:      layout_loops_ring, xom_teletrap_fun, gammafunk_ghost_arena,
          minivault_25, hangedman_decor_peaks_small
Temple:   minmay_temple_bridge_abc

Skill      XL: |  1  2  3  4  5  6  7  8  9 |
---------------+----------------------------+-----
Axes           | 3 4 5 6 7 9 11 12 | 12.0
Fighting       | 4 5 6 7 8 9 |  9.9
Invocations    | 3 |  3.1
Armour         | |  3.6
Shields        | |  3.6

Action                   |  1- 3 |  4- 6 |  7- 9 || total
-------------------------+-------+-------+-------++-------
Melee: War axe           |    97 |   122 |   164 ||   383
       Headbutt          |    13 |    17 |    39 ||    69
       Unarmed           |       |     8 |       ||     8
Throw: Dart              |       |     8 |       ||     8
  Use: Potion            |       |       |     5 ||     5
       Scroll            |       |       |    20 ||    20
Armor: Scale mail        |    42 |    34 |       ||    76
       Skin              |       |    12 |       ||    12
       Ring mail         |       |     9 |    32 ||    41
Dodge: Dodged            |    42 |    54 |   109 ||   205
Block: Buckler           |    27 |    32 |    40 ||    99

Table legend: (Time is in decaauts)
 A = Elapsed time spent in this place.
 B = Non-inter-level travel time spent in this place.
 C = Inter-level travel time spent in this place.
 D = Time resting spent in this place.
 E = Time spent auto-exploring this place.
 F = Levels seen in this place.
 G = Mean time per level.
                   A        B        C        D        E       F      G
               +--------+--------+--------+--------+--------+-----+--------+
         Total |   8993 |   8507 |    486 |     16 |   7165 |  10 |  899.3 |
       Dungeon |   8791 |   8323 |    468 |     16 |   6998 |   9 |  976.8 |
        Temple |    201 |    183 |     18 |      0 |    167 |   1 |  201.0 |
               +--------+--------+--------+--------+--------+-----+--------+

Top non-repeatable levels by time:
     D:5: 1854 daAuts
     D:1: 1216 daAuts
     D:3: 1090 daAuts
     D:2: 1046 daAuts
     D:6: 1012 daAuts
     D:8: 894 daAuts
     D:7: 853 daAuts
     D:4: 693 daAuts
  Temple: 201 daAuts
     D:9: 130 daAuts
